 Dungeon Crawl Stone Soup version 0.29-a0-422-gafbd6decc1 (webtiles) character file.

Game seed: 87269007065953917

2558 xian the Slinger (level 9, -9/72 (74) HPs)
             Began as a Demigod Hunter on May 18, 2022.
             Mangled by a gargoyle
             ... wielding a +0 mace
              (18 damage)
             ... on level 8 of the Dungeon.
             The game lasted 00:17:25 (7284 turns).

xian the Slinger (Demigod Hunter)                   Turns: 7284, Time: 00:17:26

HP:   -9/72 (74)    AC:  7    Str: 26    XL:     9   Next: 10%
MP:   11/11         EV: 18    Int: 11    God:
Gold: 267           SH:  0    Dex: 29    Spells: 8/8 levels left

rFire   . . .      SeeInvis .   y - +10 zealot's sword {holy, *Rage rN+ EV+3}
rCold   . . .      Faith    .   (no shield)
rNeg    + . .      Spirit   .   r - +0 robe "Hyanearr" {Str+4 Dex+4}
rPois   .          Reflect  .   (no helmet)
rElec   .          Harm     .   (no cloak)
rCorr   .          Rampage  .   h - +0 pair of gloves
Will    .....      Rage     20% (no boots)
Stlth   +++.......              (no amulet)
HPRegen 0.22/turn               g - +6 ring of strength
MPRegen 0.12/turn               E - +4 ring of protection

@: lightly drained
A: high MP 1, forlorn, divine attributes
a: no special abilities


You were on level 8 of the Dungeon.
You visited 2 branches of the dungeon, and saw 9 of its levels.

You collected 267 gold pieces.

Inventory:

Hand Weapons
 a - a +2 hunting sling
 y - the +10 zealot's sword (weapon) {holy, *Rage rN+ EV+3}
   (You found it on level 4 of the Dungeon)

   It has been blessed by the Shining One to cause great damage to the undead
   and demons.
   Whenever the wielder enters a berserk rage, their allies are berserked
   alongside them.
   EV:        It affects your evasion (+3).
   rN:        It protects you from negative energy.
   *Rage:     It berserks you when you make melee attacks (+20% chance).
 F - the +5 dagger of the Manifold Tables {vorpal, *Noise rC++ Str+3 Int+2}
   (You found it on level 6 of the Dungeon)

   It inflicts extra damage upon your enemies.
   Str:       It affects your strength (+3).
   Int:       It affects your intelligence (+2).
   rC:        It greatly protects you from cold.
   *Noise:    It may make noises in combat.
Missiles
 D - 3 throwing nets
Armour
 h - a +0 pair of gloves (worn)
 r - the +0 robe "Hyanearr" (worn) {Str+4 Dex+4}
   (You found it on level 2 of the Dungeon)

   Str:       It affects your strength (+4).
   Dex:       It affects your dexterity (+4).
 B - the +1 leather armour of Repulsion {Int+2}
   (You found it on level 5 of the Dungeon)

   Int:       It affects your intelligence (+2).
Jewellery
 g - a +6 ring of strength (left hand)
 E - a +4 ring of protection (right hand)
Scrolls
 b - 3 scrolls of enchant weapon
 c - 2 scrolls of immolation
 j - a scroll of poison {unknown}
 m - 2 scrolls of fear {unknown}
 o - a scroll of fog {unknown}
 q - 2 scrolls of amnesia {unknown}
 s - 6 scrolls of identify {unknown}
 t - a scroll of magic mapping
 w - 2 scrolls of blinking {unknown}
 x - 2 scrolls of teleportation {unknown}
 z - 4 scrolls of noise {unknown}
 A - a scroll of torment {unknown}
Potions
 d - a potion of ambrosia {unknown}
 e - 3 potions of curing {unknown}
 f - a potion of attraction {unknown}
 i - 2 potions of flight {unknown}
 k - 2 potions of degeneration {unknown}
 l - a potion of lignification {unknown}
 n - 5 potions of brilliance {unknown}
 p - 4 potions of haste {unknown}
 u - 2 potions of heal wounds {unknown}
 v - 3 potions of resistance {unknown}
 C - a potion of invisibility {unknown}


   Skills:
 + Level 5.4 Fighting
 + Level 3.1 Long Blades
 + Level 9.7 Slings
 + Level 0.8 Armour
 + Level 3.6 Dodging
 + Level 2.2 Stealth


You had 8 spell levels left.
You didn't know any spells.
Your spell library contained the following spells:

 Spells                   Type           Power      Damage    Failure   Level
 Shock                    Conj/Air       0%         1d3       34%         1
 Dazzling Flash           Conj/Hex       0%         N/A       71%         3
 Swiftness                Air            0%         N/A       71%         3
 Airstrike                Air            0%         N/A       98%         4
 Leda's Liquefaction      Hex/Erth       0%         N/A       98%         4
 Agony                    Necr           0%         N/A       100%        5
 Lee's Rapid Deconstruct  Erth           0%         3d5*      100%        5
 Silence                  Hex/Air        0%         N/A       100%        5
 Statue Form              Tmut/Erth      0%         N/A       100%        6


Dungeon Overview and Level Annotations

Branches:
Dungeon (8/15)             Temple (1/1) D:6
   Lair: D:8-11

Annotations:
D:8 Joseph


Innate Abilities, Weirdness & Mutations

You have an increased reservoir of magic. (+10% MP)
You shall have no god before yourself.
Your divine heritage dramatically boosts your attributes as you level up.


Message History

You shoot a sling bullet. The sling bullet hits the wight.
The wight is almost destroyed.
The wight hits you from afar with a +0 halberd.
Joseph shoots a sling bullet.
The sling bullet barely misses you.
You are too injured to fight recklessly!
You are too injured to fight recklessly!
You are too injured to fight recklessly!
You are too injured to fight recklessly!
You are too injured to fight recklessly!
The +10 zealot's sword {holy, *Rage rN+ EV+3} softly glows with a divine radiance!
y - the +10 zealot's sword (weapon)
{holy, *Rage rN+ EV+3} A wight comes into view.
It is wielding a +3 halberd of freezing.
The wight barely misses you.
Joseph smiles happily.
You hit the wight.
The wight convulses.
You destroy the wight!
The gargoyle closely misses you.
Joseph shoots a sling bullet.
The sling bullet misses you. The wight closely misses you.
The gargoyle hurls a stone arrow at you.
The stone arrow hits you!
* * * LOW HITPOINT WARNING * * *
Joseph unwields a +0 hunting sling.
Joseph wields a +0 quarterstaff.
Joseph closely misses you.
Things that are here:
a +0 halberd; a +0 robe You barely miss Joseph.
Joseph is moderately wounded.
The wight hits you with a +4 flail!
* * * LOW HITPOINT WARNING * * *
You partially resist.
You feel drained.
* * * LOW HITPOINT WARNING * * *
The gargoyle barely misses you. Joseph closely misses you.
Joseph attacks as you move away! Joseph closely misses you.
The gargoyle hurls a stone arrow at you.
The stone arrow misses you. Joseph attacks as you move away!
Joseph completely misses you.
There is a stone staircase leading up, spattered with blood here.
The wight barely misses you. The gargoyle hits you with a +0 mace!!
You die...

#.......##
#........####
#...........
#.........#
#........#
##........####.
#.....9........
#....@zz.......
#.....@........
#..............
#...###.######..
#..# ### . #..#
.(# .#


You could see Joseph, a gargoyle and 2 wights.

Vanquished Creatures
  A two-headed ogre (D:6)
  Prince Ribbit (D:6)
  3 vampire mosquitoes (D:7)
  A water moccasin (D:5)
  A phantom (D:5)
  A kobold brigand (D:7)
  3 bullfrogs
  2 scorpions
  A wight (D:8)
  A howler monkey (D:5)
  4 hounds
  A jelly (D:6)
  A gnoll shaman (D:5)
  Natasha (thrice) (D:3)
  4 iguanas
  5 orc wizards
  Robin (D:4)
  9 adders
  5 gnolls
  A shadow imp (D:7)
  A white imp (D:6)
  3 ufetubi
  5 worms
  3 dart slugs
  10 orcs
  11 endoplasms
  4 giant cockroaches
  17 goblins
  7 hobgoblins
  7 ball pythons
  7 bats
  2 frilled lizards (D:3)
  11 kobolds
  5 rats
142 creatures vanquished.

Notes
Turn   | Place    | Note
-------+----------+-------------------------------------------
     0 | D:1      | xian the Demigod Hunter began the quest for the Orb.
     0 | D:1      | Reached XP level 1. HP: 17/17 MP: 3/3
   247 | D:1      | Reached skill level 4 in Slings
   253 | D:1      | Reached XP level 2. HP: 24/24 MP: 4/4
   407 | D:1      | HP: 1/24 [gnoll/+0 club (3)]
   789 | D:1      | Reached XP level 3. HP: 29/29 MP: 5/5
  1529 | D:2      | Reached skill level 5 in Slings
  1529 | D:2      | Reached XP level 4. HP: 3/36 MP: 6/6
  1871 | D:2      | Identified the +0 robe "Hyanearr" {Str+4 Dex+4}
  1978 | D:2      | Reached skill level 1 in Stealth
  2778 | D:3      | Noticed Natasha
  2784 | D:3      | Killed Natasha
  2935 | D:3      | Noticed Natasha
  2940 | D:3      | Killed Natasha
  2941 | D:3      | Reached XP level 5. HP: 37/42 MP: 7/7
  3195 | D:3      | Noticed Natasha
  3198 | D:3      | Killed Natasha
  3272 | D:4      | Reached skill level 6 in Slings
  3422 | D:4      | Found the +10 zealot's sword {holy, *Rage rN+ EV+3}
  3595 | D:4      | Reached XP level 6. HP: 50/50 MP: 8/8
  3950 | D:4      | Noticed Robin
  3964 | D:4      | Killed Robin
  4336 | D:5      | Entered Level 5 of the Dungeon
  4343 | D:5      | Identified the +1 leather armour of Repulsion {Int+2}
  4526 | D:5      | Noticed a water moccasin
  4535 | D:5      | Killed a water moccasin
  4536 | D:5      | Reached skill level 1 in Long Blades
  4985 | D:5      | Reached XP level 7. HP: 54/57 MP: 9/9
  5010 | D:5      | Reached skill level 7 in Slings
  5615 | D:6      | Noticed Prince Ribbit
  5620 | D:6      | Killed Prince Ribbit
  5680 | D:6      | Noticed a two-headed ogre
  5789 | D:6      | Reached skill level 8 in Slings
  5789 | D:6      | Reached XP level 8. HP: 66/66 MP: 10/10
  5850 | D:6      | Found a staircase to the Ecumenical Temple.
  5911 | Temple   | Entered the Ecumenical Temple
  6053 | D:6      | Killed a two-headed ogre
  6054 | D:6      | Reached skill level 5 in Fighting
  6054 | D:6      | Reached skill level 9 in Slings
  6225 | D:6      | Identified the +5 dagger of the Manifold Tables {vorpal,
                  | *Noise rC++ Str+3 Int+2}
  6782 | D:7      | Reached XP level 9. HP: 74/74 MP: 11/11
  7267 | D:8      | Noticed Joseph
  7272 | D:8      | Noticed a gargoyle
  7284 | D:8      | Mangled by a gargoyle

Illustrated notes

Levels and vault maps discovered:
D:1:      roderic_crossed_star, layout_basic
D:2:      layout_rooms
D:3:      layout_basic, ebering_ecumenical_altar_ruins, uniq_natasha
D:4:      layout_rooms, kennysheep_generic_room_16, uniq_robin
D:5:      layout_basic
D:6:      layout_rooms, minmay_temple_entry_butterflies, uniq_prince_ribbit1
D:7:      layout_loops_ring, nicolae_figureground_pulse
D:8:      layout_cave_pods, mainiacjoe_overflow_alcove_3,
          mrwooster_statue_mirror, uniq_joseph
Temple:   compressed_dpeg_circular_temple

Skill      XL: |  1  2  3  4  5  6  7  8  9 |
---------------+----------------------------+-----
Dodging        | 2 3 |  3.6
Slings         | 4 5 6 8 9 |  9.7
Fighting       | 2 3 4 5 |  5.4
Stealth        | 1 2 |  2.2
Long Blades    | 1 2 3 |  3.1
Armour         | |  0.8

Action                   |  1- 3 |  4- 6 |  7- 9 || total
-------------------------+-------+-------+-------++-------
Melee: Eudemon blade     |       |    20 |    26 ||    46
       Punch             |       |       |     2 ||     2
       Hunting sling     |       |       |     5 ||     5
 Fire: Hunting sling     |   138 |   167 |   172 ||   477
  Use: Scroll            |       |     3 |       ||     3
Armor: Leather armour    |     8 |       |       ||     8
       Robe              |       |    23 |    26 ||    49
Dodge: Dodged            |    35 |    79 |    90 ||   204

Table legend: (Time is in decaauts)
 A = Elapsed time spent in this place.
 B = Non-inter-level travel time spent in this place.
 C = Inter-level travel time spent in this place.
 D = Time resting spent in this place.
 E = Time spent auto-exploring this place.
 F = Levels seen in this place.
 G = Mean time per level.
                   A        B        C        D        E       F      G
               +--------+--------+--------+--------+--------+-----+--------+
         Total |   7406 |   7233 |    173 |    596 |   5432 |   9 |  822.9 |
       Dungeon |   7307 |   7134 |    173 |    596 |   5430 |   8 |  913.4 |
        Temple |     99 |     99 |      0 |      0 |      2 |   1 |   99.0 |
               +--------+--------+--------+--------+--------+-----+--------+

Top non-repeatable levels by time:
     D:5: 1277 daAuts
     D:1: 1218 daAuts
     D:4: 1144 daAuts
     D:2: 1031 daAuts
     D:3: 1024 daAuts
     D:7: 854 daAuts
     D:6: 740 daAuts
  Temple: 99 daAuts
     D:8: 16 daAuts
